cohdb
Replays
Latest Replays
All Replays
Popular Replays
Top Player Replays
Match Explorer
How It Works
Community
CoH3 Stats
Reddit
Sign in to upload your games and track your stats! →
Sign in with Steam
Match 42306507
Unlisted
Match 42306507
Overview
Messages
Build Orders
End
Scout Squad
Construct Weapon Support Center
Selects Heavy Weapons
M1919 Machine Gun Team
Engineer Squad
Bazooka Squad
Construct Medical Station
M1919 Machine Gun Team
Infantry Support Center
Engineer Squad
M3 Armored Personnel Carrier
Selects M2HB .50cal Heavy Machine Gun
Selects Assault Carriers
Bazooka Squad
Survival Training
Bazooka Squad
M3 Assault Carrier
Improved M9 Bazooka Rockets
Bazooka Squad
M1919 Machine Gun Team
Selects Rapid Reposition
Selects Bolstered Team Weapons
Construct Tank Depot
MiGo$
サティア・セイルーン
Etgo
Jarkke
0
0
Comments
sign in to comment!
No comments posted yet!